 Dungeon Sprint DCSS version 0.21.1-1-g345015f (webtiles) character file.

3691 Fang the Severer (level 9, -3/96 HPs)
             Began as a Minotaur Berserker on June 5, 2018.
             Was a High Priest of Trog.
             Slain by a basilisk (8 damage)
             ... in the Dungeon (Sprint IX: "|||||||||||||||||||||||||||||").
             The game lasted 00:02:29 (959 turns).

Fang the Severer (Minotaur Berserker)                Turns: 959, Time: 00:02:29

Health: -3/96      AC:  2    Str: 28    XL:     9   Next: 90%
Magic:  8/8        EV:  2    Int:  4    God:    Trog [*****.]
Gold:   0          SH:  0    Dex: 10    Spells: 8/8 levels left

rFire    . . .     SeeInvis .   v - +5 executioner's axe of the Big Fish {elec, rC+}
rCold    + . .     Gourm    .   (shield currently unavailable)
rNeg     + + +     Faith    .   b - +0 animal skin
rPois    ∞         Spirit   .   (helmet restricted)
rElec    .         Reflect  .   (no cloak)
rCorr    .         Harm     .   (no gloves)
MR       .....     NoTele   +   (no boots)
Stlth    ++........             (no amulet)
HPRegen  0.26/turn              o - +2 ring of evasion
MPRegen  0.11/turn              p - +3 ring of strength

@: petrified, berserk cooldown, slowed
A: retaliatory headbutt, horns 2
a: Berserk, Trog's Hand, Brothers in Arms, Burn Spellbooks, Renounce Religion


You were in the Dungeon.
You worshipped Trog.
Trog was extremely pleased with you.
You were near starving.

You visited 1 branch

Inventory:

Hand Weapons
 a - a +0 hand axe
 n - a +1 broad axe of freezing
 q - a +3 antimagic broad axe
 v - the +5 executioner's axe of the Big Fish (weapon) {elec, rC+}
   (Trog gifted it to you in the Dungeon)

   Occasionally, upon striking a foe, it will discharge some electrical energy
   and cause terrible harm.
   It protects you from cold.
Armour
 b - a +0 animal skin (worn)
Jewellery
 o - a +2 ring of evasion (left hand)
 p - a +3 ring of strength (right hand)
Wands
 m - a wand of acid (14)
Scrolls
 i - 3 scrolls of blinking
 l - 3 scrolls of remove curse
 s - 2 scrolls of enchant weapon
 t - 2 scrolls of identify
 u - a scroll of fog
Potions
 d - 4 potions of curing
 e - 2 potions of heal wounds
 f - a potion of haste
 g - 4 potions of magic
 h - 3 potions of berserk rage
 k - a potion of invisibility
 r - a potion of resistance
Comestibles
 c - a ration


   Skills:
 + Level 14.8 Fighting
 + Level 17.9 Axes
 + Level 6.7 Armour
 + Level 10.0 Dodging
 + Level 3.5 Stealth


You had 8 spell levels left.
You didn't know any spells.

Dungeon Overview and Level Annotations

Branches:
Dungeon (1/1)

Altars:
Cheibriados
Dithmenos
Elyvilon
Fedhas
Gozag
Hepliaklqana
Kikubaaqudgha
Makhleb
Nemelex Xobeh
Okawaru
Qazlal
Ru
Sif Muna
Trog
Uskayaw
Vehumet
Wu Jian
Xom
Yredelemnul
Zin
The Shining One
Beogh
Jiyva
Lugonu


Innate Abilities, Weirdness & Mutations

You reflexively headbutt those who attack you in melee.
You have a pair of horns on your head.


Message History

The basilisk barely misses you. The basilisk gazes at you.
You are slowing down.
You feel better.
The blink frog blinks!
The basilisk bites you.
* * * LOW HITPOINT WARNING * * *
The basilisk gazes at you.
Your limbs have turned to stone.
You have turned to stone.
The basilisk gazes at you. You resist with some effort. The basilisk bites you!
* * * LOW HITPOINT WARNING * * *
The blink frog blinks!
The basilisk bites you!
* * * LOW HITPOINT WARNING * * *
The basilisk gazes at you.
The blink frog blinks!
The basilisk bites you!
* * * LOW HITPOINT WARNING * * *
The basilisk bites you!
* * * LOW HITPOINT WARNING * * *
The basilisk bites you!
You die...

▓▓▓▓▓▓▓▓▓▓▓▓▓▓▓▓▓▓▓▓▓▓▓▓▓▓▓▓▓▓▓▓▓
..'________________________'.?|)[
▓▓▓▓▓▓▓▓▓▓▓▓▓▓▓▓▓▓▓▓▓▓▓▓▓▓▓▓▓▓▓▓▓
.................................
▓▓▓▓▓▓▓▓▓▓▓▓▓▓▓▓▓▓▓▓▓▓▓▓▓▓▓▓▓▓▓▓▓
)[.....'÷..F....@lh.....
▓▓▓▓▓▓▓▓▓▓▓▓▓▓▓▓▓▓▓▓▓▓▓▓


You could see a polar bear, a basilisk and a blink frog.

Vanquished Creatures
  A deep elf mage (D)
  2 spiny frogs (D)
  A rime drake (D)
  A troll (D)
  3 hippogriffs (D)
  A blink frog (D)
  A basilisk (D)
  2 yaks (D)
  A wyvern (D)
  A vampire mosquito (D)
  A soldier ant (D)
  A porcupine (D)
  A black bear (D)
  A sky beast (D)
  An ogre (D)
  3 crocodiles (D)
  A bullfrog (D)
  2 worker ants (D)
  An iguana (D)
  3 shadow imps (D)
  An adder zombie (D)
  An orc (D)
  A goblin (D)
  3 hobgoblins (D)
  A ball python skeleton (D)
  A frilled lizard (D)
37 creatures vanquished.

Notes
Turn   | Place    | Note
-------+----------+-------------------------------------------
     0 | D        | Fang the Minotaur Berserker began the quest for the Orb.
     0 | D        | Reached XP level 1. HP: 19/19 MP: 0/0
     6 | D        | Reached skill level 4 in Axes
    13 | D        | Reached ** piety under Trog
   147 | D        | Noticed an ogre
   147 | D        | Noticed an iguana
   152 | D        | Killed an ogre
   152 | D        | Reached *** piety under Trog
   152 | D        | Reached skill level 7 in Axes
   152 | D        | Reached XP level 2. HP: 31/31 MP: 1/1
   152 | D        | Reached XP level 3. HP: 38/38 MP: 2/2
   152 | D        | Reached XP level 4. HP: 45/45 MP: 3/3
   159 | D        | Reached skill level 8 in Axes
   170 | D        | Found a roughly hewn altar of Beogh.
   170 | D        | Found a snail-covered altar of Cheibriados.
   170 | D        | Found a shadowy altar of Dithmenos.
   170 | D        | Found a white marble altar of Elyvilon.
   170 | D        | Found a blossoming altar of Fedhas.
   170 | D        | Found an opulent altar of Gozag.
   171 | D        | Found a hazy altar of Hepliaklqana.
   172 | D        | Found a viscous altar of Jiyva.
   173 | D        | Found an ancient bone altar of Kikubaaqudgha.
   174 | D        | Found a corrupted altar of Lugonu.
   175 | D        | Found a burning altar of Makhleb.
   176 | D        | Found a sparkling altar of Nemelex Xobeh.
   177 | D        | Found an iron altar of Okawaru.
   178 | D        | Found a stormy altar of Qazlal.
   179 | D        | Found a sacrificial altar of Ru.
   180 | D        | Found a deep blue altar of Sif Muna.
   181 | D        | Found a bloodstained altar of Trog.
   182 | D        | Found a hide-covered altar of Uskayaw.
   183 | D        | Found a radiant altar of Vehumet.
   184 | D        | Found an ornate altar of the Wu Jian Council.
   185 | D        | Found a shimmering altar of Xom.
   186 | D        | Found a basalt altar of Yredelemnul.
   187 | D        | Found a glowing silver altar of Zin.
   188 | D        | Found a glowing golden altar of the Shining One.
   239 | D        | Found the +10 zealot's sword {holy, *Rage rN+ EV+3}
   258 | D        | Noticed a wyvern
   258 | D        | Noticed a hippogriff
   258 | D        | Noticed a troll
   260 | D        | Killed a wyvern
   260 | D        | Reached **** piety under Trog
   260 | D        | Reached skill level 10 in Axes
   260 | D        | Reached skill level 5 in Dodging
   260 | D        | Reached XP level 5. HP: 57/57 MP: 4/4
   260 | D        | Reached XP level 6. HP: 63/63 MP: 5/5
   263 | D        | Killed a hippogriff
   263 | D        | Reached skill level 10 in Fighting
   263 | D        | Reached skill level 11 in Axes
   263 | D        | Reached skill level 5 in Armour
   263 | D        | Reached skill level 1 in Stealth
   267 | D        | Killed a troll
   267 | D        | Reached skill level 12 in Axes
   267 | D        | Reached XP level 7. HP: 67/74 MP: 6/6
   273 | D        | Reached ***** piety under Trog
   397 | D        | Noticed a vampire mosquito
   397 | D        | Noticed a deep elf mage
   400 | D        | Reached skill level 13 in Axes
   402 | D        | Killed a vampire mosquito
   405 | D        | Reached XP level 8. HP: 83/83 MP: 7/7
   408 | D        | Killed a deep elf mage
   408 | D        | Received a gift from Trog
   408 | D        | Reached skill level 14 in Axes
   585 | D        | Noticed a rime drake
   585 | D        | Noticed a hippogriff
   585 | D        | Noticed a hippogriff
   590 | D        | Reached skill level 15 in Axes
   594 | D        | Killed a rime drake
   596 | D        | Received a gift from Trog
   596 | D        | Reached XP level 9. HP: 93/93 MP: 2/8
   599 | D        | Reached skill level 16 in Axes
   623 | D        | Got a crystal executioner's axe {god gift}
   624 | D        | Identified the +5 executioner's axe of the Big Fish {elec, rC+} (Trog gifted it to you in the Dungeon)
   928 | D        | Noticed a spiny frog
   928 | D        | Noticed a spiny frog
   930 | D        | Received a gift from Trog
   936 | D        | Reached skill level 17 in Axes
   938 | D        | Killed a spiny frog
   940 | D        | Noticed a polar bear
   940 | D        | Killed a spiny frog
   949 | D        | Reached skill level 10 in Dodging
   958 | D        | HP: 4/96 [basilisk (8)]
   959 | D        | Slain by a basilisk

Skill      XL: |  1  2  3  4  5  6  7  8  9 |
---------------+----------------------------+-----
Fighting       | 6 9 11 12 13 14 | 14.8
Axes           | 7 10 12 13 15 17 | 17.9
Armour         | 3 4 5 6 |  6.7
Dodging        | 3 5 6 7 8 10 | 10.0
Stealth        | 1 2 3 |  3.5

Action                   |  1- 3 |  4- 6 |  7- 9 || total
-------------------------+-------+-------+-------++-------
Melee: Hand axe          |    20 |     7 |       ||    27
       Headbutt          |     2 |     3 |    13 ||    18
       Broad axe         |       |     8 |    41 ||    49
       Executioner's axe |       |       |    20 ||    20
Invok: Berserk           |     1 |     1 |     3 ||     5
  Use: Potion            |       |       |     4 ||     4
  Eat: Chunk             |       |       |     3 ||     3
Armor: Animal skin       |     2 |     1 |       ||     3
Dodge: Dodged            |    11 |     5 |    39 ||    55
